Map: Terrasses de Prion

Players

pupu - Winner!

  • Race: Protoss Protoss
  • League: Silver

vicktor

  • Race: Terran Terran
  • League: Silver

VOD

Have the link to the VOD?

Description

Time

  • Played on: April 3, 2016, 12:18 p.m.
  • Length: 7:24
Show
View Real Time Build Order
Export as new Build Order

pupu Protoss - Winner!

Build Orders: 1 Gate Expand, Oracle Opening 

Get SALT Encoding   

  12  0:00  Probe (Chrono Boost)  
  13  0:11  Probe (Chrono Boost)  
  14  0:19  Pylon  
  14  0:22  Probe (Chrono Boost)  
  15  0:37  Probe (Chrono Boost), Gateway  
  16  0:48  Probe (Chrono Boost)  
  17  0:58  Probe (Chrono Boost)  
  17  0:59  Assimilator  
  18  1:09  Probe (Chrono Boost)  
  19  1:21  Nexus  
  19  1:32  Cybernetics Core  
  19  1:35  Probe (Chrono Boost)  
  20  1:45  Probe (Chrono Boost)  
  21  1:48  Assimilator  
  21  1:53  Pylon  
  21  1:56  Probe (Chrono Boost)  
  22  2:14  Probe (Chrono Boost)  
  23  2:21  Gateway  
  23  2:23  Stargate  
  23  2:31  Probe (Chrono Boost)  
  23  2:32  Warp Gate (Chrono Boost)  
  23  2:33  Probe (Chrono Boost)  
  23  2:34  Pylon  
  25  2:43  Stalker  
  27  2:46  Probe  
  27  2:48  Probe  
  29  2:59  Mothership Core  
  29  3:02  Probe  
  29  3:03  Assimilator  
  32  3:12  Probe  
  33  3:20  Probe  
  33  3:22  Gateway  
  33  3:23  Gateway  
  34  3:27  Oracle (Chrono Boost)  
  34  3:32  Probe  
  34  3:34  Probe  
  39  3:38  Stalker  
  41  3:52  Probe x2  
  43  4:02  Oracle (Chrono Boost), Pylon  
  46  4:09  Probe x2  
  48  4:21  Probe x2  
  48  4:23  Forge  
  50  4:26  Gateway  
  50  4:33  Probe x2, Void Ray (Chrono Boost)  
  56  4:38  Assimilator  
  56  4:42  Stalker  
  56  4:44  Sentry  
  56  4:45  Probe x2  
  62  4:51  Pylon  
  62  4:53  Pylon  
  62  5:09  Probe x2  
  61  5:59  Zealot x4  
  69  6:12  Void Ray (Chrono Boost)  
  69  6:15  Pylon  
  69  6:18  Pylon  
  73  6:21  Pylon  
  73  6:22  Robotics Facility  
  73  6:25  Probe x2, Robotics Facility  
  75  6:30  Stalker, Pylon  
  75  6:32  Pylon  
  77  6:35  Pylon  
  77  6:36  Zealot x3  
  77  6:37  Probe, Zealot  
  86  6:49  Gateway  
  86  6:52  Gateway  
  86  6:54  Gateway  
  86  6:56  Gateway  
  86  6:57  Probe x2  
  92  7:02  Pylon  
  92  7:06  Zealot x4  
  92  7:07  Zealot  
  102  7:22  Nexus  
Show
View Real Time Build Order
Export as new Build Order

vicktor Terran 

Build Orders:  

Get SALT Encoding   

  12  0:02  SCV  
  14  0:14  SCV  
  14  0:19  Supply Depot  
  14  0:26  SCV  
  15  0:41  Barracks, SCV  
  16  0:52  Refinery  
  16  0:53  SCV  
  17  1:05  SCV  
  17  1:08  Supply Depot  
  18  1:35  Barracks  
  18  1:41  Orbital Command  
  18  1:42  Barracks  
  18  1:44  Marine  
  19  2:14  Barracks Tech Lab  
  19  2:19  Factory  
  19  2:25  Marine  
  20  2:35  Refinery, SCV  
  21  2:42  Marine  
  22  2:45  Stimpack  
  22  2:47  SCV  
  22  2:50  Marine x2  
  25  3:00  Marine  
  25  3:02  SCV  
  27  3:10  Widow Mine  
  29  3:14  SCV  
  30  3:22  Command Center  
  30  3:34  Supply Depot  
  30  3:36  Marine  
  31  3:56  Marauder, Marine x2  
  31  4:00  Supply Depot  
  35  4:03  SCV  
  35  4:07  Factory Tech Lab  
  36  4:10  Factory Reactor  
  36  4:13  Marine x2  
  36  4:15  SCV  
  39  4:22  Marauder  
  41  4:37  Supply Depot  
  41  4:38  Supply Depot  
  41  4:42  Starport  
  41  4:43  Marauder  
  43  4:59  Marine x2  
  45  5:04  Marauder  
  35  5:17  Marine x2  
  33  5:26  Marauder  
  35  5:28  SCV  
  35  5:29  SCV  
  32  6:02  SCV x2  
  34  6:20  SCV  
  35  6:26  Orbital Command  
  35  6:42  SCV  
  36  6:52  SCV  
  36  6:54  SCV  
  38  7:00  Engineering Bay  
  38  7:04  SCV  
  38  7:06  SCV  
Tags
 
Add a new tag
Caveats
  • Supply blocks, unpowered buildings, or Contaminate may cause inaccurate times.
  • Supply counts are checked every 10 seconds.